 Dungeon Crawl Stone Soup version 0.28.0-43-g3370ac3207 (webtiles) character file.

Game seed: 10692579677908785903

36925 pkoi the Brawler (level 13, 0/190 HPs)
             Began as a Troll Gladiator on Mar 22, 2022.
             Was an Initiate of Gozag.
             Slain by a ten-headed hydra (7 damage)
             ... on level 3 of the Lair of Beasts.
             The game lasted 00:21:34 (14569 turns).

pkoi the Brawler (Troll Gladiator)                 Turns: 14569, Time: 00:21:35

Health: 0/190      AC: 13    Str: 25    XL:     13   Next: 55%
Magic:  13/13      EV: 11    Int:  8    God:    Gozag
Gold:   2217       SH:  5    Dex: 11    Spells: 12/14 levels left

rFire   . . .      SeeInvis .     - Unarmed
rCold   + . .      Faith    .   (no shield)
rNeg    . . .      Spirit   .   z - +0 acid dragon scales
rPois   .          Reflect  +   b - +1 hat
rElec   .          Harm     .   m - +2 cloak
rCorr   +          Rampage  .   (gloves unavailable)
Will    .....                   (boots unavailable)
Stlth   ..........              H - amulet of reflection
HPRegen 1.21/turn               u - ring of ice
MPRegen 0.13/turn               A - ring of protection from fire

@: berserking, very quick
A: large, unfitting armour, claws 3, regeneration 1, shaggy fur 1, tough skin 1
a: Renounce Religion, Potion Petition, Call Merchant, Bribe Branch


You were on level 3 of the Lair of Beasts.
You worshipped Gozag.
Gozag was most pleased with you.
You visited 3 branches of the dungeon, and saw 17 of its levels.
You also visited: Ice Cave.

You collected 3993 gold pieces.
You spent 210 gold pieces at shops.
You paid 1566 gold pieces to Gozag.

Inventory:

Missiles
 c - 3 throwing nets
 w - 5 curare-tipped darts
Armour
 a - a +0 robe
 b - a +1 hat (worn)
 m - a +2 cloak (worn)
 x - +0 steam dragon scales
 z - +0 acid dragon scales (worn)
Jewellery
 k - an amulet of guardian spirit
 u - a ring of ice (left claw)
 A - a ring of protection from fire (right claw)
 D - a ring of see invisible
 H - an amulet of reflection (around neck)
Wands
 v - a wand of charming (11)
 y - a wand of flame (27) (quivered)
 C - a wand of iceblast (7)
 G - a wand of digging (4)
Scrolls
 d - 3 scrolls of blinking
 f - a scroll of fear
 l - 2 scrolls of teleportation
 s - 2 scrolls of enchant weapon
 B - 4 scrolls of identify
 E - a scroll of magic mapping
Potions
 e - a potion of magic
 g - a potion of haste
 h - 5 potions of curing
 i - 5 potions of brilliance
 n - 4 potions of lignification
 o - 2 potions of flight
 p - 3 potions of heal wounds
 q - 2 potions of attraction
 r - a potion of invisibility
 t - a potion of mutation


   Skills:
 + Level 7.6 Fighting
 - Level 1.7 Throwing
 - Level 6.0 Armour
 - Level 7.0 Dodging
 * Level 16.1 Unarmed Combat
 - Level 1.0 Spellcasting
 - Level 1.2 Transmutations
 - Level 1.6 Earth Magic
 * Level 7.9 Evocations


You had 12 spell levels left.
You knew the following spells:

 Your Spells              Type           Power      Damage    Failure   Level
a - Passwall              Tmut/Erth      1%         N/A       36%         2

Your spell library contained the following spells:

 Spells                   Type           Power      Damage    Failure   Level
 Sting                    Tmut/Pois      4%         1d3       36%         1
 Wereblood                Tmut           2%         N/A       38%         2
 Corpse Rot               Necr/Air       0%         N/A       56%         2
 Ensorcelled Hibernation  Hex/Ice        0%         N/A       56%         2
 Poisonous Vapours        Pois/Air       0%         N/A       56%         2
 Sublimation of Blood     Necr           0%         N/A       56%         2
 Dazzling Flash           Conj/Hex       0%         N/A       80%         3
 Swiftness                Air            0%         N/A       80%         3
 Animate Armour           Summ/Erth      2%         N/A       98%         4
 Ice Form                 Ice/Tmut       2%         N/A       98%         4
 Hailstorm                Conj/Ice       0%         3d3       99%         4
 Olgreb's Toxic Radiance  Pois           0%         N/A       99%         4
 Agony                    Necr           0%         N/A       100%        5
 Blade Hands              Tmut           1%         N/A       100%        5
 Silence                  Hex/Air        0%         N/A       100%        5
 Iron Shot                Conj/Erth      0%         9d1       100%        6
 Simulacrum               Ice/Necr       0%         N/A       100%        6
 Summon Hydra             Summ           0%         N/A       100%        7


Dungeon Overview and Level Annotations

Branches:
Dungeon (12/15)            Temple (1/1) D:7            Lair (4/6) D:8
 Shoals (0/4) Lair:2          Orc (0/2) D:10          IceCv (visited)
  Snake: Lair:2-4    Spider: Lair:2-4

Altars:
Ashenzari
Cheibriados
Dithmenos
Elyvilon
Fedhas
Gozag
Hepliaklqana
Kikubaaqudgha
Makhleb
Nemelex Xobeh
Okawaru
Qazlal
Ru
Sif Muna
Trog
Uskayaw
Vehumet
Wu Jian
Xom
Yredelemnul
Zin
The Shining One

Shops:
D:5 **   D:10 *

Annotations:
Lair:1 1 runed translucent door, exclusion: oklob plant, smarlow's ghost, journeyman VSEn


Innate Abilities, Weirdness & Mutations

You are too large for most types of armour.
You have claws for hands.
Your natural rate of healing is unusually fast.
You are covered in fur. (AC +1)
You have tough skin. (AC +1)


Message History

It was a potion of berserk rage.
A red film seems to cover your vision as you go berserk!
You feel yourself moving faster!
You feel mighty!
The eight-headed hydra bites you but does no damage.
The eight-headed hydra barely misses you.
The eight-headed hydra bites you but does no damage.
The eight-headed hydra bites you.
* * * LOW HITPOINT WARNING * * *
The eight-headed hydra barely misses you.
The eight-headed hydra bites you!
* * * LOW HITPOINT WARNING * * *
The eight-headed hydra bites you but does no damage.
The eight-headed hydra bites you!
* * * LOW HITPOINT WARNING * * *
You claw one of the eight-headed hydra's heads off!
The seven-headed hydra grows two more!
You mangle the nine-headed hydra!!
The nine-headed hydra is heavily wounded.
The nine-headed hydra closely misses you.
The nine-headed hydra bites you.
* * * LOW HITPOINT WARNING * * *
The nine-headed hydra bites you.
* * * LOW HITPOINT WARNING * * *
The nine-headed hydra bites you.
* * * LOW HITPOINT WARNING * * *
The nine-headed hydra barely misses you.
The nine-headed hydra bites you!
* * * LOW HITPOINT WARNING * * *
The nine-headed hydra bites you!
* * * LOW HITPOINT WARNING * * *
The nine-headed hydra barely misses you.
The nine-headed hydra bites you but does no damage.
You tear one of the nine-headed hydra's heads off!
The eight-headed hydra grows two more!
You mangle the ten-headed hydra!!
The ten-headed hydra is severely wounded.
Unknown command.
You barely miss the ten-headed hydra.
The ten-headed hydra is severely wounded.
The ten-headed hydra misses you. The ten-headed hydra bites you!
You die...
Your body crumbles into a pile of gold.

.## #.........# ..#
##.###.+### .## ###
#...#####
.P##########+...##.#
####P.#...........##
..................#
####...+..........#
# #####..........##
# #P.......D@..# #
##.###'#######
#.[##..# ####.P.#
#####....#####
##.##.'#P..#..#
####.............#
..###............##
..# #............P#


You could see a ten-headed hydra.

Vanquished Creatures
  Fannar (D:10)
  2 boulder beetles
  5 hydras
  An ice dragon (IceCv)
  5 two-headed ogres
  6 death yaks
  An ugly thing (D:11)
  2 cyclopes (D:11)
  2 ice statues (IceCv)
  6 elephants (Lair:3)
  4 black mambas
  A merfolk siren (Lair:2)
  6 cane toads
  A gargoyle (D:10)
  5 rime drakes
  4 komodo dragons
  3 trolls
  2 hornets
  Sigmund (D:4)
  A vampire (D:12)
  2 wyverns
  2 wraiths
  35 yaks
  3 steam dragons
  9 vampire mosquitoes
  3 basilisks
  An acid dragon (D:7)
  3 wargs (D:8)
  5 water moccasins
  An ice beast (D:7)
  3 orc warriors
  4 necrophages
  An ogre (D:6)
  9 wolves
  3 centaurs
  A gnoll sergeant (D:11)
  8 bullfrogs
  2 water moccasin zombies (D:5)
  3 wyvern zombies
  A lindwurm simulacrum (IceCv)
  10 wights
  A killer bee (D:11)
  2 electric eels (Lair:2)
  A bullfrog zombie (D:5)
  6 hounds
  3 bullfrog skeletons
  A jelly (D:6)
  7 komodo dragon simulacra (IceCv)
  A human zombie (D:7)
  6 centaur zombies
  12 orc priests
  An iguana (D:4)
  18 orc wizards
  A killer bee zombie (D:8)
  A hound zombie (D:5)
  2 mummies (D:7)
  2 howler monkey zombies
  7 acid dragon simulacra (IceCv)
  9 gnolls
  2 adders
  A shadow imp (D:5)
  6 steam dragon simulacra (IceCv)
  An adder skeleton (D:4)
  A worm (D:3)
  7 dart slugs
  51 orcs
  3 bats
  8 endoplasms
  A giant cockroach (D:4)
  4 hobgoblins
  3 jackals (D:3)
  3 ball pythons
  7 goblins
  7 kobolds
  8 rats
362 creatures vanquished.

Vanquished Creatures (others)
  A wizard (D:6)
  A shadow (D:11)
  12 fungi
  27 plants
41 creatures vanquished.

Grand Total: 403 creatures vanquished

Notes
Turn   | Place    | Note
-------+----------+-------------------------------------------
     0 | D:1      | pkoi the Troll Gladiator began the quest for the Orb.
     0 | D:1      | Reached XP level 1. HP: 19/19 MP: 0/0
   100 | D:1      | Reached XP level 2. HP: 27/27 MP: 1/1
   260 | D:1      | Reached skill level 4 in Unarmed Combat
   318 | D:1      | Found a faded altar of an unknown god.
   689 | D:1      | Reached XP level 3. HP: 33/33 MP: 2/2
  1656 | D:3      | Found a shimmering altar of Xom.
  1657 | D:3      | Found a shimmering blue altar of Sif Muna.
  1665 | D:3      | Found a stormy altar of Qazlal.
  1785 | D:3      | Reached skill level 5 in Unarmed Combat
  1785 | D:3      | Reached XP level 4. HP: 39/41 MP: 3/3
  2095 | D:3      | Reached XP level 5. HP: 48/48 MP: 4/4
  2145 | D:4      | Noticed Sigmund
  2152 | D:4      | Killed Sigmund
  2153 | D:4      | Reached skill level 6 in Unarmed Combat
  2153 | D:4      | Reached XP level 6. HP: 49/55 MP: 5/5
  2226 | D:4      | Reached skill level 7 in Unarmed Combat
  2625 | D:4      | Identified the +7 chain mail "Diqege" {Will+ Str+4 Dex-2}
  2812 | D:5      | Entered Level 5 of the Dungeon
  2957 | D:5      | Reached skill level 8 in Unarmed Combat
  3013 | D:5      | Reached XP level 7. HP: 54/62 MP: 6/6
  3252 | D:5      | Found Mustiahiji's General Store.
  3256 | D:5      | Found Myonaq's Specific Store.
  3264 | D:5      | Bought a scroll of blinking for 90 gold pieces
  3640 | D:5      | Found a white marble altar of Elyvilon.
  3640 | D:5      | Found a radiant altar of Vehumet.
  3870 | D:6      | Reached skill level 9 in Unarmed Combat
  4293 | D:6      | Noticed a steam dragon
  4300 | D:6      | Reached XP level 8. HP: 63/70 MP: 7/7
  4311 | D:6      | Reached skill level 10 in Unarmed Combat
  4479 | D:6      | Found a bloodstained altar of Trog.
  4480 | D:6      | Noticed a wizard
  4485 | D:6      | Killed a wizard
  4787 | D:7      | Found a staircase to the Ecumenical Temple.
  4792 | D:7      | Noticed a troll
  4801 | D:7      | Killed a troll
  4802 | D:7      | Reached skill level 1 in Armour
  4802 | D:7      | Reached skill level 11 in Unarmed Combat
  4815 | Temple   | Entered the Ecumenical Temple
  5077 | Temple   | Became a worshipper of Gozag Ym Sagoz the Greedy
  5212 | D:7      | Reached XP level 9. HP: 72/80 MP: 8/8
  5622 | D:7      | Found an ancient bone altar of Kikubaaqudgha.
  5951 | D:8      | Reached skill level 12 in Unarmed Combat
  6122 | D:8      | Reached XP level 10. HP: 92/92 MP: 9/9
  6200 | D:8      | Found a staircase to the Lair.
  6695 | D:9      | Noticed a two-headed ogre
  6695 | D:9      | Found a snail-covered altar of Cheibriados.
  6728 | D:9      | Noticed a two-headed ogre
  6735 | D:9      | Killed a two-headed ogre
  6736 | D:9      | Reached skill level 5 in Dodging
  6736 | D:9      | Reached skill level 1 in Evocations
  6916 | D:9      | Reached skill level 13 in Unarmed Combat
  6937 | D:9      | Found a basalt altar of Yredelemnul.
  6967 | D:9      | Noticed a two-headed ogre
  6975 | D:9      | Killed a two-headed ogre
  6992 | D:9      | Noticed a boulder beetle
  7014 | D:9      | Killed a boulder beetle
  7015 | D:9      | Reached skill level 5 in Fighting
  7114 | D:9      | Killed a two-headed ogre
  7115 | D:9      | Reached XP level 11. HP: 37/102 MP: 10/10
  7551 | D:10     | Entered Level 10 of the Dungeon
  7590 | D:10     | Paralysed by a hornet for 1 turns
  7708 | D:10     | Found a burning altar of Makhleb.
  7721 | D:10     | Reached skill level 5 in Armour
  7752 | D:10     | Bought a scroll labelled DEOFOU FEARA for 30 gold pieces
  7752 | D:10     | Bought a scroll of teleportation for 90 gold pieces
  8060 | D:10     | Found a staircase to the Orcish Mines.
  8198 | D:10     | Found a sparkling altar of Nemelex Xobeh.
  8374 | D:10     | Noticed Fannar
  8403 | D:10     | Killed Fannar
  9036 | D:11     | Noticed a two-headed ogre
  9045 | D:11     | Killed a two-headed ogre
  9046 | D:11     | Reached skill level 14 in Unarmed Combat
  9100 | D:11     | Noticed a purple ugly thing
  9117 | D:11     | Killed a purple ugly thing
  9402 | D:11     | Found a hide-covered altar of Uskayaw.
  9819 | D:12     | Reached XP level 12. HP: 103/114 MP: 9/11
  9894 | D:12     | Noticed a two-headed ogre
  9902 | D:12     | Killed a two-headed ogre
  9903 | D:12     | Reached skill level 5 in Evocations
  9973 | D:12     | Noticed a seven-headed hydra
  9981 | D:12     | Killed an 11-headed hydra
 10139 | Lair:1   | Entered Level 1 of the Lair of Beasts
 10736 | Lair:1   | Found a runed translucent door.
 10737 | Lair:1   | Noticed smarlow's ghost (journeyman VSEn)
 10737 | Lair:1   | Identified the +9 trident of Cokkud {vorpal, rF+}
 11351 | Lair:2   | Noticed an eight-headed hydra
 11358 | Lair:2   | Killed an 11-headed hydra
 11480 | Lair:2   | Reached skill level 15 in Unarmed Combat
 11565 | Lair:2   | Noticed an eight-headed hydra
 11571 | Lair:2   | Noticed a seven-headed hydra
 11574 | Lair:2   | Killed a 12-headed hydra
 11579 | Lair:2   | Killed an eight-headed hydra
 11695 | Lair:2   | Found a staircase to the Shoals.
 11862 | Lair:2   | Found a frozen archway.
 11871 | IceCv    | Entered an ice cave
 12200 | IceCv    | Identified the +0 chain mail "Sunepiat" {Fly}
 12674 | IceCv    | Noticed an ice dragon
 12703 | IceCv    | Killed an ice dragon
 12704 | IceCv    | Reached XP level 13. HP: 111/124 MP: 10/12
 13290 | Lair:3   | Learned a level 2 spell: Passwall
 13438 | Lair:3   | Reached skill level 1 in Earth Magic
 13783 | Lair:3   | Reached skill level 1 in Transmutations
 13907 | Lair:3   | Reached skill level 1 in Spellcasting
 14058 | Lair:3   | Reached skill level 16 in Unarmed Combat
 14567 | Lair:3   | HP: 5/190 [nine-headed hydra (13)]
 14569 | Lair:3   | Slain by a ten-headed hydra

Illustrated notes

Levels and vault maps discovered:
D:1:      minmay_arrival_four_loops, layout_basic,
          dilly_ecumenical_altar_fadedgnrine
D:2:      layout_basic, serial_corexii_hall, corexii_hall_statues_i,
          corexii_hall_statues_t
D:3:      layout_basic, chequers_temple_overflow_statue_of_worship,
          chequers_serial_rivers_micro_d
D:4:      layout_basic, uniq_sigmund
D:5:      layout_loops_corners, mainiacjoe_overflow_divided_tiny,
          nicolae_specific_store
D:6:      layout_loops_ring, trog_wizard, st_stairs_14
D:7:      layout_loops_ring, lemuel_mausoleum_altar_kikubaaqudgha,
          minmay_temple_entry_glassed_door
D:8:      layout_loops_ring, erik_lair_orcish_takeover
D:9:      layout_rooms, cheibriados_altar_1, mainiacjoe_overflow_tiny_flanked,
          kennysheep_cluttered_room
D:10:     layout_basic, nemelex_diamond_rough_becter,
          mainiacjoe_overflow_surrounded_room, hiddenorc2_lemuel, uniq_fannar
D:11:     minmay_general_purpose_star, layout_rooms,
          nicolae_uskayaw_murder_on_the_dancefloor
D:12:     layout_irregular_city
Temple:   minmay_temple_curvy_loop
Lair:1:   layout_gridlike, ebering_ghost_funeral_grove, minmay_hedge_maze,
          hangedman_lair_generics_rect, infiniplex_staircase_pool_2
Lair:2:   layout_roguey, minmay_shoals_entry_lonely_mermaid,
          portal_ice_cave_entry_pillars_1, serial_bayou_shore_a
Lair:3:   layout_roguey, beast_lair_carwin_11
Lair:4:   layout_regular_city, hellmonk_spider_entry_not_the_bees,
          amcnicky_altar_lugonu_corruption, grunt_megastairs_4

Skill      XL: |  1  2  3  4  5  6  7  8  9 10 11 12 13 |
---------------+----------------------------------------+-----
Unarmed Combat | 4 5 6 8 9 11 12 13 14 15 16 | 16.1
Fighting       | 2 4 5 6 7 |  7.6
Armour         | 2 3 4 5 6 |  6.0
Dodging        | 3 4 5 6 7 |  7.0
Evocations     | 2 4 7 |  7.9
Earth Magic    | 1 |  1.6
Transmutations | 1 |  1.2
Spellcasting   | 1 |  1.0
Throwing       | |  1.7

Action                   |  1- 3 |  4- 6 |  7- 9 | 10-12 | 13-15 || total
-------------------------+-------+-------+-------+-------+-------++-------
Melee: Unarmed           |    88 |    96 |   206 |   662 |   142 ||  1194
       Punch             |     2 |     6 |    12 |    48 |    13 ||    81
Invok: Potion Petition   |       |       |       |     2 |       ||     2
       Call Merchant     |       |       |       |     1 |       ||     1
Evoke: Wand              |       |       |       |    56 |    15 ||    71
  Use: Scroll            |     3 |       |     4 |    14 |     3 ||    24
       Potion            |     2 |       |       |       |     1 ||     3
 Stab: Distracted        |       |     1 |       |     3 |     1 ||     5
       Sleeping          |       |     1 |       |       |       ||     1
       Invisible         |       |       |       |     1 |     1 ||     2
Armor: Robe              |    31 |    28 |    19 |       |       ||    78
       Acid dragon scale |       |       |    70 |   211 |    55 ||   336
       Steam dragon scal |       |       |     9 |       |       ||     9
Dodge: Dodged            |    45 |    26 |    75 |   240 |    65 ||   451
Block: Other             |       |       |       |       |    23 ||    23
